 Dungeon Crawl Stone Soup version 0.30-b1-2-g02819fbbbe (webtiles) character file.

Game seed: 8050006302014225055

19191 LLlMATKO the Fighter (level 12, -6/111 HPs)
             Began as a Minotaur Berserker on Aug 10, 2023.
             Was a High Priest of Trog.
             Mangled by a skeletal warrior
             ... wielding a +0 trident
              (10 damage)
             ... on level 12 of the Dungeon.
             The game lasted 00:11:00 (12495 turns).

LLlMATKO the Fighter (Minotaur Berserker)          Turns: 12495, Time: 00:11:01

Health: -6/111     AC: 16    Str: 32    XL:     12   Next: 34%
Magic:  11/11      EV: 15    Int:  4    God:    Trog [*****.]
Gold:   765        SH: 12    Dex: 16    Spells: 11/11 levels left

rFire   . . .        a - +2 hand axe (flame)
rCold   . . .        y - +0 kite shield
rNeg    . . .        w - +5 scale mail of Hairiness {Dex+5}
rPois   .            (helmet restricted)
rElec   .            k - +1 cloak {Will+}
rCorr   .            (no gloves)
SInv    .            (no boots)
Will    +....        (no amulet) Stlth
                     t - +6 ring of strength
HPRegen 0.38/turn    (no ring)
MPRegen 0.12/turn

%: no passive effects
@: on berserk cooldown, slowed, very slow
A: horns 2, retaliatory headbutt
a: Renounce Religion, Berserk, Trog's Hand, Brothers in Arms


You were on level 12 of the Dungeon.
You worshipped Trog.
Trog was extremely pleased with you.
You visited 1 branch of the dungeon, and saw 13 of its levels.

You collected 765 gold pieces.

Inventory:

Hand Weapons
 a - a +2 hand axe of flaming (weapon)
 D - a +0 trident
Armour
 k - a +1 cloak of willpower (worn)
 w - the +5 scale mail of Hairiness (worn) {Dex+5}
   (You found it on level 6 of the Dungeon)

   Dex:       It affects your dexterity (+5).
 y - a +0 kite shield (worn)
Jewellery
 t - a +6 ring of strength (left hand)
Wands
 z - a wand of flame (42)
 B - a wand of quicksilver (21)
Scrolls
 c - 2 scrolls of fog
 d - 8 scrolls of teleportation
 e - 3 scrolls of poison
 i - a scroll of amnesia
 j - 2 scrolls of enchant weapon
 l - 8 scrolls of identify
 m - a scroll of brand weapon {unknown}
 n - 2 scrolls of noise
Potions
 b - a potion of ambrosia {unknown}
 f - 2 potions of heal wounds
 g - 7 potions of attraction
 h - 6 potions of curing
 o - 3 potions of might {unknown}
 p - 2 potions of resistance {unknown}
 q - 4 potions of flight {unknown}
 r - 3 potions of haste
 s - 3 potions of mutation {unknown}
 u - a potion of magic {unknown}
 C - a potion of berserk rage {unknown}


   Skills:
 + Level 11.7 Fighting
 + Level 11.7 Axes
 + Level 11.4 Armour
 + Level 10.5 Dodging
 + Level 10.9 Shields


You had 11 spell levels left.
You didn't know any spells.
Your spell library was empty.

Dungeon Overview and Level Annotations

Branches:
Dungeon (13/15)            Temple (0/1) D:5            Lair (0/5) D:11
    Orc (0/2) D:9
 Vaults: D:13-14

Altars:
Kikubaaqudgha
Nemelex Xobeh
Okawaru
Sif Muna
Trog
Uskayaw
Yredelemnul
Zin
The Shining One

Shops:
D:2 [   D:8 [?(=   D:10 *   D:12 :


Innate Abilities, Weirdness & Mutations

You have a pair of horns on your head.
You reflexively headbutt those who attack you in melee.


Message History

You block the skeletal warrior's attack.
The skeletal warrior barely misses you.
You hit the skeletal warrior but do no damage.
You headbutt the skeletal warrior.
The skeletal warrior is moderately damaged.
You slash the skeletal warrior! You burn the skeletal warrior.
You destroy the skeletal warrior!
Trog accepts your kill.
You barely miss the skeletal warrior. You hit the skeletal warrior.
You burn the skeletal warrior.
You destroy the skeletal warrior!
Trog accepts your kill.
You hit the skeletal warrior. You burn the skeletal warrior.
You headbutt the skeletal warrior.
The skeletal warrior is heavily damaged.
You hit the skeletal warrior. You burn the skeletal warrior.
The skeletal warrior barely misses you.
You block the skeletal warrior's attack.
Unknown command.
You hit the skeletal warrior but do no damage.
The skeletal warrior is heavily damaged.
You hit the skeletal warrior. You burn the skeletal warrior.
Unknown command.
You hit the skeletal warrior. You burn the skeletal warrior.
The skeletal warrior is heavily damaged.
You hit the skeletal warrior but do no damage.
You are no longer berserk.
You are exhausted.
You feel yourself slow down.
The skeletal warrior hits you with a +0 battleaxe!!
* * * LOW HITPOINT WARNING * * *
The skeletal warrior hits you with a +0 trident.
* * * LOW HITPOINT WARNING * * *
You hit the skeletal warrior but do no damage.
You headbutt the skeletal warrior!
The skeletal warrior is severely damaged.
You slash the skeletal warrior! You burn the skeletal warrior.
You block the skeletal warrior's attack.
The skeletal warrior hits you with a +0 trident!
You die...

#........# #####'####
#..# ##.# ######### #.#
........# #.# ........#
#######'## ......z)###
#........#
.....<)@'.####........#
......z)#....#........##
........####.'........'.
........# ###........##
........# #>.......#
........# #####'####
######### #.# #.# #)#


You could see 2 skeletal warriors.

Vanquished Creatures
  2 centaur warriors (D:13)
  4 two-headed ogres
  A boulder beetle (D:13)
  3 skeletal warriors (D:12)
  3 cyclopes
  2 manticores
  Maurice (D:8)
  2 ugly things
  2 kobold demonologists (D:12)
  2 komodo dragons (D:11)
  3 trolls
  A hornet (D:8)
  Grinder (D:5)
  Sigmund (D:2)
  A wyvern (D:7)
  Eustachio (D:4)
  15 yaks (D:10)
  A vampire (D:9)
  3 wraiths
  2 steam dragons (D:11)
  4 vampire mosquitoes (D:12)
  Edmund (D:4)
  2 water moccasins
  Duvessa (D:5)
  A sky beast (D:7)
  2 orc warriors
  2 black bears
  An ogre (D:6)
  3 centaurs
  2 phantoms
  6 kobold brigands
  Blork the orc (D:4)
  3 necrophages (D:5)
  2 bullfrogs
  A scorpion (D:7)
  A gnoll sergeant (D:8)
  2 jellies
  2 water moccasin zombies (D:5)
  15 wights
  Dowan (D:5)
  11 killer bees
  4 howler monkeys
  A centaur zombie (D:5)
  A bullfrog zombie (D:5)
  A human zombie (D:5)
  2 orc priests
  A hound (D:6)
  2 iguanas
  8 orc wizards
  A hound zombie (D:5)
  A mummy (D:5)
  3 gnolls (D:8)
  7 adders
  2 white imps
  A worm (D:2)
  A dart slug (D:2)
  25 orcs
  4 ball pythons
  8 endoplasms
  3 giant cockroaches
  8 goblins
  12 hobgoblins
  3 jackals (D:1)
  34 kobolds
  A quokka (D:3)
  6 bats
  A frilled lizard (D:1)
  2 rats (D:1)
258 creatures vanquished.

Vanquished Creatures (others)
  16 plants (D:11)
16 creatures vanquished.

Grand Total: 274 creatures vanquished

Notes
Turn   | Place    | Note
-------+----------+-------------------------------------------
     0 | D:1      | LLlMATKO the Minotaur Berserker began the quest for the
                  | Orb.
     0 | D:1      | Reached XP level 1. HP: 19/19 MP: 0/0
   131 | D:1      | Reached XP level 2. HP: 23/27 MP: 1/1
   315 | D:1      | Reached XP level 3. HP: 33/33 MP: 2/2
   346 | D:1      | Reached ** piety under Trog
  1218 | D:2      | Noticed Sigmund
  1224 | D:2      | Killed Sigmund
  1225 | D:2      | Reached XP level 4. HP: 27/41 MP: 3/3
  1225 | D:2      | Reached XP level 5. HP: 30/47 MP: 4/4
  1500 | D:2      | Found Caitt's Antique Armour Shop.
  2220 | D:4      | Noticed Edmund
  2239 | D:4      | Killed Edmund
  2240 | D:4      | Reached skill level 5 in Fighting
  2240 | D:4      | Reached skill level 5 in Axes
  2240 | D:4      | Reached XP level 6. HP: 36/56 MP: 5/5
  2452 | D:4      | Noticed Blork the orc
  2462 | D:4      | Killed Blork the orc
  2546 | D:4      | Noticed Eustachio
  2558 | D:4      | Killed Eustachio
  2559 | D:4      | Reached XP level 7. HP: 61/61 MP: 6/6
  2595 | D:4      | Identified the +0 ring mail "Fel Niar" {Dex+7}
  2946 | D:4      | Reached skill level 5 in Armour
  3117 | D:4      | Found a sparkling altar of Nemelex Xobeh.
  3323 | D:5      | Entered Level 5 of the Dungeon
  3374 | D:5      | Noticed Dowan
  3375 | D:5      | Noticed Duvessa
  3385 | D:5      | Killed Dowan
  3387 | D:5      | Killed Duvessa
  3642 | D:5      | Found a staircase to the Ecumenical Temple.
  4071 | D:5      | Noticed Grinder
  4080 | D:5      | Reached skill level 5 in Dodging
  4102 | D:5      | Paralysed by something for 4 turns
  4131 | D:5      | Killed Grinder
  4132 | D:5      | Reached XP level 8. HP: 71/71 MP: 7/7
  4498 | D:5      | Found a basalt altar of Yredelemnul.
  4554 | D:5      | Reached skill level 5 in Shields
  4871 | D:5      | Found a glowing golden altar of the Shining One.
  5300 | D:6      | Found an ancient bone altar of Kikubaaqudgha.
  5469 | D:6      | Reached XP level 9. HP: 78/79 MP: 8/8
  5589 | D:6      | Reached *** piety under Trog
  5590 | D:6      | Identified the +5 scale mail of Hairiness {Dex+5}
  6325 | D:7      | Found a bloodstained altar of Trog.
  7329 | D:8      | Noticed Maurice
  7363 | D:8      | Killed Maurice
  7572 | D:8      | Found Nesmistaz's Jewellery Emporium.
  7591 | D:8      | Identified the +2 ring mail of Sophism {rElec Str+3}
  7639 | D:8      | Noticed a two-headed ogre
  7650 | D:8      | Killed a two-headed ogre
  7651 | D:8      | Reached XP level 10. HP: 25/90 MP: 9/9
  8087 | D:8      | Found Mathre's Antique Weapon Emporium.
  8089 | D:8      | Found a glowing silver altar of Zin.
  8143 | D:8      | Found Xiafer's Magic Scroll Shop.
  8230 | D:8      | Found Onekhew's Antique Armour Shoppe.
  8317 | D:8      | Reached **** piety under Trog
  8365 | D:8      | Found a hide-covered altar of Uskayaw.
  8755 | D:9      | Found a staircase to the Orcish Mines.
  8871 | D:9      | Noticed a two-headed ogre
  8881 | D:9      | Killed a two-headed ogre
  9278 | D:9      | Found a shimmering blue altar of Sif Muna.
  9458 | D:9      | Found an iron altar of Okawaru.
  9564 | D:10     | Entered Level 10 of the Dungeon
  9718 | D:10     | Reached XP level 11. HP: 99/99 MP: 10/10
  9721 | D:10     | Reached skill level 10 in Axes
  9805 | D:10     | Reached skill level 10 in Fighting
  9907 | D:10     | Reached ***** piety under Trog
 10122 | D:10     | Found Laabrusk's Elemental Accessories.
 10123 | D:10     | You fall into a shaft and drop 3 floors!
 10246 | D:13     | Reached skill level 10 in Armour
 10309 | D:13     | Noticed a green ugly thing
 10317 | D:13     | Killed a green ugly thing
 10468 | D:13     | Noticed a centaur warrior
 10468 | D:13     | Noticed a centaur warrior
 10490 | D:13     | Killed a centaur warrior
 10491 | D:13     | Killed a centaur warrior
 10617 | D:13     | Noticed a boulder beetle
 10629 | D:13     | Killed a boulder beetle
 10707 | D:11     | Reached skill level 10 in Shields
 10722 | D:11     | Noticed a two-headed ogre
 10731 | D:11     | Killed a two-headed ogre
 10813 | D:11     | Found a staircase to the Lair.
 10880 | D:11     | Noticed a two-headed ogre
 10893 | D:11     | Killed a two-headed ogre
 10894 | D:11     | Reached skill level 10 in Dodging
 11087 | D:11     | Noticed a green ugly thing
 11101 | D:11     | Killed a green ugly thing
 11102 | D:11     | Reached XP level 12. HP: 79/110 MP: 11/11
 11826 | D:11     | Found a glowing silver altar of Zin.
 12398 | D:12     | Found Koodah's Book Shop.
 12494 | D:12     | HP: 4/111 [skeletal warrior/+0 trident (6)]
 12495 | D:12     | Mangled by a skeletal warrior

Illustrated notes

Levels and vault maps discovered:
D:1:      amcnicky_arrival_underground_garden, layout_basic, minmay_ruptured
D:2:      layout_loops_ring, serial_shops, nicolae_shop_back_alley_shop,
          minmay_splitting_lines, minmay_pentomino_q4, uniq_sigmund
D:3:      layout_basic
D:4:      layout_basic, nemelex_dance_club_becter, uniq_edmund, uniq_eustachio,
          uniq_blork_the_orc
D:5:      layout_layer_cave, lemuel_mausoleum_altar_yredelemnul,
          lemuel_coloured_pillars_altar, minmay_temple_entry_drinking_statues,
          uniq_grinder, uniq_duvessa
D:6:      layout_gridville, kennysheep_little_box, minmay_misc_feat_rugged
D:7:      layout_basic, overflow_temple_1_default
D:8:      layout_gridville, kennysheep_mini_moat, overflow_temple_1_default,
          serial_shops, shop_statue, nicolae_shop_back_alley_shop,
          nicolae_lakefront_shop, nicolae_shop_tiny_statue_garden, uniq_maurice
D:9:      layout_rooms, kennysheep_orc_sif_temple, kennysheep_okawaru_gauntlet,
          orc_0_dummy
D:10:     layout_cave_pools, enter_bailey_1, nicolae_elemental_shop
D:11:     cheibrodos_steamvent, layout_long_grid, david_lair_shrubbed,
          zin_statuary
D:12:     layout_roguey, serial_shops, nicolae_shop_statue_plus,
          nrook_mini_backslash, uniq_snorg
D:13:     minmay_box_of_statues, layout_basic, lemuel_another_geyser

Skill      XL: |  1  2  3  4  5  6  7  8  9 10 11 12 |
---------------+-------------------------------------+-----
Axes           | 4 5 6 7 8 9 11 | 11.7
Fighting       | 4 5 6 7 8 9 11 | 11.7
Armour         | 3 4 5 6 8 9 10 11 | 11.4
Dodging        | 3 4 5 6 7 8 10 | 10.5
Shields        | 2 3 4 5 7 8 10 | 10.9

Action                     |  1- 3 |  4- 6 |  7- 9 | 10-12 || total
---------------------------+-------+-------+-------+-------++-------
  Melee: Hand axe          |    68 |    78 |   270 |   342 ||   758
         Headbutt          |     9 |    15 |    65 |    84 ||   173
         Punch             |     1 |       |       |       ||     1
         War axe           |       |       |    29 |    10 ||    39
         Trident           |       |       |       |     3 ||     3
  Throw: Throwing net      |       |       |       |     1 ||     1
 Invoke: Berserk           |     1 |     3 |     5 |     9 ||    18
    Use: Scroll            |       |       |       |    13 ||    13
   Stab: Sleeping          |       |     1 |       |       ||     1
 Armour: Animal skin       |    12 |     4 |       |       ||    16
         Ring mail         |       |     4 |    45 |       ||    49
         Scale mail        |       |       |    67 |   133 ||   200
  Dodge: Dodged            |    45 |    35 |   131 |   166 ||   377
  Block: Buckler           |       |    12 |    31 |       ||    43
         Kite shield       |       |       |    68 |   176 ||   244
